 Dungeon Crawl Stone Soup version 0.19-a0-465-g1d1674b (webtiles) character file.

5 Duffy the Digger (level 1, 0/14 HPs)
             Began as a Draconian Earth Elementalist on June 3, 2016.
             Slain by a jackal (3 damage)
             ... on level 1 of the Dungeon.
             The game lasted 00:00:46 (203 turns).

Duffy the Digger (Draconian Earth Elementalist)      Turns: 203, Time: 00:00:46

Health: 0/14       AC:  4    Str: 10    XL:     1   Next: 66%
Magic:  0/3        EV: 12    Int: 15    God:
Gold:   14         SH:  0    Dex: 11    Spells: 1 memorised, 3 levels left

rFire  . . .     SeeInvis .     b - 13 stones
rCold  . . .     Gourm    .     (armour unavailable)
rNeg   . . .     Faith    .     (no shield)
rPois  .         Spirit   .     (helmet restricted)
rElec  .         Dismiss  .     (no cloak)
rCorr  .         Reflect  .     (no gloves)
SustAt .         Harm     .     (no boots)
MR     .....                    (no amulet)
Stlth  ++........               (no ring)
                                (no ring)

@: not resistant to hostile enchantments, unstealthy
A: unfitting armour, cold-blooded, AC +4
a: no special abilities


You were on level 1 of the Dungeon.
You were not hungry.

You visited 1 branch of the dungeon, and saw 1 of its levels.

You collected 14 gold pieces.


Innate Abilities, Weirdness & Mutations

Your plain brown scales are hard. (AC +4)
Your body does not fit into most forms of armour.
You are cold-blooded and may be slowed by cold attacks.


   Skills:
 - Level 1.7 Dodging
 - Level 1.7 Stealth
 - Level 2.0 Spellcasting
   Level 1.0 Transmutations
 + Level 3.4 Earth Magic


You had 3 spell levels left.
You knew the following spells:

 Your Spells              Type           Power        Failure   Level  Hunger
a - Sandblast             Erth           ##....       8%          1    #......

Inventory:

Missiles
 b - 13 stones (in hand)
Scrolls
 a - a scroll of identify {unknown}
Books
 d - a book of Geomancy
Comestibles
 c - a bread ration

Dungeon Overview and Level Annotations

Branches:
Dungeon (1/15)

Altars:


Message History

The jackal barely misses you.
Cast which spell? (? or * to list)
Aiming: Sandblast
Press: ? - help, Shift-Dir - straight line, f/p - jackal
Aim: a jackal The rocky blast misses the jackal. x2; The jackal closely misses you.
The jackal bites you. The jackal bites you. The jackal barely misses you.
The jackal closely misses you. The jackal barely misses you.
Cast which spell? (? or * to list)
Aiming: Sandblast
Press: ? - help, Shift-Dir - straight line, f/p - jackal
Aim: a jackal The rocky blast hits the jackal.
The jackal is heavily wounded.
The jackal bites you but does no damage.
The jackal misses you. The jackal misses you. The jackal closely misses you.
The jackal bites you but does no damage.
The jackal bites you but does no damage.
Cast which spell? (? or * to list)
Aiming: Sandblast
Press: ? - help, Shift-Dir - straight line, f/p - jackal
Aim: a jackal The rocky blast hits the jackal.
You kill the jackal!
The jackal bites you but does no damage.
The jackal completely misses you. The jackal misses you.
The jackal bites you but does no damage.
The jackal bites you. The jackal barely misses you.
Cast which spell? (? or * to list)
Aiming: Sandblast
Press: ? - help, Shift-Dir - straight line, f/p - jackal
Aim: a jackal The rocky blast hits the jackal.
The jackal is severely wounded.
The jackal barely misses you.
The jackal bites you but does no damage.
The jackal bites you. The jackal barely misses you.
Cast which spell? (? or * to list)
You don't have enough magic to cast that spell.
The jackal pauses to sniff the ground.
The jackal bites you.
You die...

#...h...# #.#####.#####
#.# #......
#.###########
#.#.......# # ########
#.#.#####.###
#......####.#.# #.##.
#...........#.#####.#..
#.....@######.##.......
#......h......%...#.#..
#####.#.#.###.#####....
#...#..##...)......
######.#######...#. #.#
##...##. ###.## ##...##
. #....###...## .
#.....#...##


You could see a jackal.

Action                   || total
-------------------------++-------
 Cast: Sandblast         ||    11
Armor: Skin              ||    13
Dodge: Dodged            ||    32

Notes
Turn   | Place    | Note
--------------------------------------------------------------
     0 | D:1      | Duffy the Draconian Earth Elementalist began the quest for the Orb.
     0 | D:1      | Reached XP level 1. HP: 14/14 MP: 3/3
   203 | D:1      | Slain by a jackal

Vault maps used:
D:1:      elethiomel_arrival_shortcut, st_stairs_8

Vanquished Creatures
  A goblin
  A hobgoblin
  2 jackals
4 creatures vanquished.
